[ AOE2 MATCH · #505447553 ]
UnrankedSaracens vs Incas
Player's team · LOSS
Rival team · WIN
[ REPLAY ANALYSIS · EXTRACTED FROM THE RECORDED GAME ]
Feudal
8:34
Castle
25:35
Imperial
—
| APM avg | 98.7 |
| APM peak | 166 |
| eAPM avg | 41.0 |
| Villagers / military | 61 / 47 |
Focus
⚔️ 69.9% · 🌾 30.1%
Scout Cavalry ×18 · Archer ×15 · Knight ×14
Feudal
8:25
Castle
19:17
Imperial
—
| APM avg | 47.6 |
| APM peak | 77 |
| eAPM avg | 23.4 |
| Villagers / military | 81 / 77 |
Focus
⚔️ 42.6% · 🌾 57.4%
Archer ×65 · Spearman ×8 · Battering Ram ×2 · Unknown (2550) ×2 · Monk ×1 · Mangonel ×1
Match map
Initial resources + every placement click. Lines = walls · curves = elevation contours. ◆ gold · ⬟ stone · ● berries · ✦ relic · ◌ wall gap
Your base· ✓ Closed at 25:35 · 3t walls · no gate
pren's base· Open — 3t gap
Smoothed initial terrain · ◌ = detected wall gap · hover for details
Inputs per minute
— VL Tou - - pren
Build order — VL Tou
First 150 of 197 actions detected
| 0:01 | Queue | Villager (Male) |
| 0:01 | Queue | Villager (Male) |
| 0:01 | Queue | Villager (Male) |
| 0:01 | Queue | Villager (Male) |
| 0:02 | Queue | Villager (Male) |
| 0:04 | Build | House |
| 0:06 | Build | House |
| 1:29 | Queue | Villager (Male) |
| 1:29 | Queue | Villager (Male) |
| 1:34 | Build | Lumber Camp |
| 1:49 | Queue | Villager (Male) |
| 1:49 | Queue | Villager (Male) |
| 2:18 | Queue | Villager (Male) |
| 2:18 | Queue | Villager (Male) |
| 2:34 | Queue | Villager (Male) |
| 2:53 | Queue | Villager (Male) |
| 3:12 | Queue | Villager (Male) |
| 3:12 | Queue | Villager (Male) |
| 3:35 | Queue | Villager (Male) |
| 3:52 | Build | House |
| 4:03 | Queue | Villager (Male) |
| 4:03 | Queue | Villager (Male) |
| 4:12 | Queue | Villager (Male) |
| 4:12 | Queue | Villager (Male) |
| 4:25 | Queue | Villager (Male) |
| 4:47 | Queue | Villager (Male) |
| 4:52 | Queue | Villager (Male) |
| 5:07 | Build | Mill |
| 6:15 | Build | Palisade Wall |
| 6:16 | Build | Palisade Wall |
| 6:18 | Build | Palisade Wall |
| 6:24 | Research | Feudal Age |
| 6:24 | Research | Feudal Age |
| 7:16 | Build | House |
| 7:35 | Build | Barracks |
| 8:17 | Queue | Villager (Male) |
| 8:34 | Age | Feudal Age |
| 8:39 | Research | Double-Bit Axe |
| 8:45 | Build | Stable |
| 8:47 | Queue | Villager (Male) |
| 9:14 | Research | Horse Collar |
| 9:15 | Research | Horse Collar |
| 9:16 | Queue | Villager (Male) |
| 9:29 | Queue | Scout Cavalry |
| 9:34 | Queue | Villager (Male) |
| 9:37 | Build | Farm |
| 9:40 | Queue | Scout Cavalry |
| 9:51 | Build | House |
| 9:55 | Build | Farm |
| 9:59 | Queue | Villager (Male) |
| 10:08 | Build | House |
| 10:13 | Queue | Scout Cavalry |
| 10:21 | Build | Market |
| 10:35 | Build | Farm |
| 10:44 | Queue | Villager (Male) |
| 10:54 | Build | Farm |
| 11:00 | Queue | Villager (Male) |
| 11:23 | Queue | Villager (Male) |
| 11:37 | Build | Archery Range |
| 11:40 | Research | Loom |
| 12:02 | Queue | Villager (Male) |
| 12:07 | Build | Farm |
| 12:13 | Build | Archery Range |
| 12:25 | Queue | Villager (Male) |
| 12:33 | Queue | Archer |
| 12:42 | Queue | Villager (Male) |
| 12:44 | Build | House |
| 12:54 | Build | Archery Range |
| 12:56 | Queue | Archer |
| 13:00 | Queue | Villager (Male) |
| 13:23 | Build | Blacksmith |
| 13:32 | Queue | Archer |
| 13:34 | Build | Mining Camp |
| 13:37 | Queue | Villager (Male) |
| 13:56 | Queue | Scout Cavalry |
| 13:58 | Queue | Archer |
| 14:01 | Research | Fletching |
| 14:02 | Research | Fletching |
| 14:18 | Research | Town Watch |
| 14:19 | Research | Town Watch |
| 14:20 | Build | Farm |
| 14:55 | Queue | Archer |
| 14:59 | Queue | Scout Cavalry |
| 14:59 | Queue | Villager (Male) |
| 15:07 | Queue | Scout Cavalry |
| 15:11 | Build | Farm |
| 15:18 | Queue | Archer |
| 15:23 | Queue | Villager (Male) |
| 15:25 | Build | Farm |
| 15:27 | Build | Farm |
| 15:32 | Build | House |
| 15:40 | Queue | Archer |
| 15:50 | Queue | Archer |
| 15:54 | Queue | Villager (Male) |
| 15:56 | Build | House |
| 16:13 | Queue | Villager (Male) |
| 16:16 | Queue | Archer |
| 16:27 | Queue | Villager (Male) |
| 16:38 | Build | Farm |
| 16:42 | Build | Farm |
| 16:52 | Queue | Archer |
| 16:58 | Research | Scale Barding Armor |
| 17:07 | Queue | Archer |
| 17:09 | Build | Farm |
| 17:09 | Queue | Villager (Male) |
| 17:35 | Queue | Villager (Male) |
| 17:54 | Build | Watch Tower |
| 18:11 | Queue | Scout Cavalry |
| 18:13 | Queue | Villager (Male) |
| 18:17 | Queue | Archer |
| 18:18 | Queue | Villager (Male) |
| 18:20 | Build | House |
| 18:25 | Build | House |
| 18:34 | Build | Farm |
| 18:36 | Build | Lumber Camp |
| 18:55 | Queue | Scout Cavalry |
| 19:09 | Queue | Archer |
| 19:21 | Queue | Villager (Male) |
| 19:39 | Build | Stable |
| 19:49 | Queue | Villager (Male) |
| 20:21 | Research | Bloodlines |
| 20:22 | Research | Bloodlines |
| 20:24 | Queue | Scout Cavalry |
| 20:26 | Queue | Villager (Male) |
| 20:26 | Queue | Scout Cavalry |
| 20:31 | Queue | Scout Cavalry |
| 20:37 | Queue | Scout Cavalry |
| 20:39 | Build | Farm |
| 20:42 | Build | Farm |
| 20:46 | Queue | Scout Cavalry |
| 21:00 | Research | Forging |
| 21:01 | Queue | Villager (Male) |
| 21:08 | Queue | Archer |
| 21:14 | Queue | Villager (Male) |
| 22:08 | Queue | Villager (Male) |
| 22:11 | Build | Lumber Camp |
| 22:21 | Build | House |
| 22:22 | Build | House |
| 22:31 | Build | Mining Camp |
| 22:55 | Research | Castle Age |
| 22:56 | Research | Castle Age |
| 23:15 | Build | Farm |
| 23:20 | Build | Farm |
| 23:29 | Queue | Archer |
| 23:37 | Queue | Villager (Male) |
| 23:40 | Build | Farm |
| 23:55 | Queue | Scout Cavalry |
| 23:56 | Queue | Scout Cavalry |
| 24:19 | Queue | Scout Cavalry |
| 24:28 | Build | Farm |
Build order — pren
First 150 of 235 actions detected
| 0:00 | Queue | Villager (Male) ×4 |
| 0:03 | Build | House |
| 0:04 | Build | House |
| 1:32 | Queue | Villager (Male) |
| 2:00 | Build | Settlement |
| 2:04 | Queue | Villager (Male) |
| 2:24 | Queue | Villager (Male) |
| 2:42 | Queue | Villager (Male) |
| 3:20 | Queue | Villager (Male) |
| 3:37 | Queue | Villager (Male) |
| 3:54 | Queue | Villager (Male) |
| 3:58 | Queue | Villager (Male) |
| 4:32 | Queue | Villager (Male) |
| 4:37 | Queue | Villager (Male) |
| 5:15 | Queue | Villager (Male) |
| 6:15 | Research | Feudal Age |
| 6:30 | Queue | Villager (Male) |
| 6:53 | Build | Barracks |
| 7:37 | Research | Loom |
| 7:46 | Build | Settlement |
| 8:22 | Queue | Villager (Male) |
| 8:25 | Age | Feudal Age |
| 8:28 | Build | Archery Range |
| 8:32 | Research | Double-Bit Axe |
| 8:35 | Research | Horse Collar |
| 9:02 | Queue | Villager (Male) |
| 9:14 | Queue | Archer |
| 9:17 | Build | Farm |
| 9:18 | Build | Farm |
| 9:20 | Queue | Villager (Male) |
| 9:34 | Queue | Archer |
| 9:38 | Build | Palisade Wall |
| 9:40 | Build | Palisade Wall |
| 9:41 | Build | Palisade Wall |
| 9:42 | Build | Palisade Wall |
| 9:43 | Build | Palisade Wall |
| 9:44 | Build | Palisade Wall |
| 9:47 | Build | House |
| 9:50 | Build | Palisade Wall |
| 9:50 | Build | Palisade Wall |
| 9:53 | Queue | Villager (Male) |
| 10:18 | Queue | Villager (Male) |
| 10:21 | Queue | Spearman |
| 10:38 | Build | Palisade Wall |
| 10:43 | Build | Watch Tower |
| 10:46 | Queue | Spearman |
| 10:49 | Queue | Villager (Male) |
| 10:54 | Build | Farm |
| 10:56 | Build | Farm |
| 10:58 | Build | Farm |
| 11:02 | Build | Farm |
| 11:07 | Queue | Archer |
| 11:12 | Queue | Villager (Male) |
| 11:33 | Build | Blacksmith |
| 11:40 | Queue | Archer |
| 11:51 | Queue | Villager (Male) |
| 11:52 | Queue | Villager (Male) |
| 12:02 | Build | Palisade Wall |
| 12:07 | Queue | Archer |
| 12:23 | Build | Farm |
| 12:26 | Queue | Villager (Male) |
| 12:37 | Queue | Archer |
| 12:41 | Research | Fletching |
| 12:54 | Queue | Villager (Male) |
| 12:54 | Queue | Villager (Male) |
| 12:59 | Build | Farm |
| 13:07 | Queue | Archer |
| 13:12 | Queue | Villager (Male) |
| 13:43 | Build | Farm |
| 13:54 | Queue | Archer |
| 14:07 | Queue | Archer |
| 14:10 | Queue | Villager (Male) |
| 14:51 | Queue | Archer |
| 14:51 | Queue | Archer |
| 14:53 | Queue | Villager (Male) |
| 15:13 | Queue | Villager (Male) |
| 15:18 | Build | Archery Range |
| 15:42 | Build | Farm |
| 15:43 | Queue | Villager (Male) |
| 15:59 | Queue | Villager (Male) |
| 16:30 | Build | Settlement |
| 16:37 | Research | Castle Age |
| 16:38 | Queue | Archer |
| 16:47 | Build | House |
| 16:48 | Queue | Spearman |
| 16:51 | Queue | Archer |
| 17:13 | Queue | Archer |
| 17:15 | Research | Gold Mining |
| 17:33 | Build | House |
| 17:36 | Queue | Archer |
| 17:44 | Queue | Archer |
| 17:59 | Queue | Archer |
| 18:10 | Queue | Archer |
| 18:21 | Build | House |
| 18:22 | Build | House |
| 18:24 | Build | Palisade Wall |
| 18:35 | Queue | Villager (Male) |
| 18:57 | Queue | Archer |
| 18:57 | Queue | Archer |
| 19:02 | Build | House |
| 19:17 | Age | Castle Age |
| 19:19 | Build | University |
| 19:20 | Research | Bodkin Arrow |
| 19:24 | Research | Crossbowman (upgrade) |
| 19:25 | Queue | Villager (Male) |
| 19:41 | Queue | Villager (Male) |
| 20:02 | Queue | Villager (Male) |
| 20:03 | Queue | Archer |
| 20:03 | Queue | Archer |
| 20:17 | Queue | Villager (Male) |
| 20:48 | Build | Settlement |
| 20:51 | Build | Settlement |
| 21:03 | Build | Farm |
| 21:04 | Build | Settlement |
| 21:09 | Queue | Archer |
| 21:09 | Queue | Archer |
| 21:17 | Research | Ballistics |
| 21:18 | Queue | Villager (Male) |
| 21:20 | Research | Bow Saw |
| 21:23 | Queue | Archer |
| 21:48 | Queue | Archer |
| 21:48 | Queue | Archer |
| 21:54 | Queue | Villager (Male) |
| 22:01 | Build | Town Center |
| 22:05 | Queue | Villager (Male) |
| 22:09 | Queue | Archer |
| 22:22 | Queue | Archer |
| 22:26 | Queue | Villager (Male) |
| 22:26 | Queue | Villager (Male) |
| 22:37 | Build | Settlement |
| 22:40 | Queue | Villager (Male) |
| 22:41 | Queue | Archer |
| 22:41 | Queue | Archer |
| 22:53 | Queue | Archer |
| 22:54 | Queue | Villager (Male) |
| 23:00 | Queue | Villager (Male) |
| 23:06 | Queue | Archer |
| 23:14 | Research | Padded Archer Armor |
| 23:20 | Queue | Archer |
| 23:27 | Queue | Villager (Male) |
| 23:37 | Queue | Villager (Male) |
| 23:39 | Queue | Archer |
| 23:51 | Queue | Villager (Male) |
| 23:58 | Queue | Villager (Male) |
| 23:59 | Build | Farm |
| 24:01 | Queue | Archer |
| 24:01 | Queue | Archer |
| 24:02 | Build | Farm |
| 24:15 | Queue | Archer |
| 24:18 | Queue | Villager (Male) |
Match timeline
| 6:15 | VL Tou · wall_segment Palisade Wall x1 |
| 6:16 | VL Tou · wall_segment Palisade Wall x1 |
| 6:18 | VL Tou · wall_segment Palisade Wall x1 |
| 6:53 | pren · first_building Barracks |
| 7:35 | VL Tou · first_building Barracks |
| 8:25 | pren · age_up feudal |
| 8:28 | pren · first_building Archery Range |
| 8:34 | VL Tou · age_up feudal |
| 8:45 | VL Tou · first_building Stable |
| 9:38 | pren · wall_segment Palisade Wall x1 |
| 9:40 | pren · wall_segment Palisade Wall x1 |
| 9:41 | pren · wall_segment Palisade Wall x1 |
| 9:42 | pren · wall_segment Palisade Wall x1 |
| 9:43 | pren · wall_segment Palisade Wall x1 |
| 9:44 | pren · wall_segment Palisade Wall x1 |
| 9:50 | pren · wall_segment Palisade Wall x1 |
| 9:50 | pren · wall_segment Palisade Wall x1 |
| 10:38 | pren · wall_segment Palisade Wall x1 |
| 11:37 | VL Tou · first_building Archery Range |
| 11:46 | VL Tou · first_market_sell 100 stone |
| 11:48 | VL Tou · first_market_buy 100 wood |
| 12:02 | pren · wall_segment Palisade Wall x1 |
| 18:24 | pren · wall_segment Palisade Wall x1 |
| 19:17 | pren · age_up castle |
| 24:24 | pren · first_building Siege Workshop |
| 25:35 | VL Tou · age_up castle |
| 27:44 | pren · first_building Monastery |
| 29:27 | VL Tou · first_building Siege Workshop |
| 31:03 | VL Tou · resign |
[ AI ANALYSIS · 1 CREDIT ]
What really happened in this match?
Wolo.gg analyzes every decision: build order, eco, micro, common mistakes by bracket. Personalized analysis on WhatsApp or Discord in 30 seconds.
Civ guide
Saracens
Perfil
Jugador #2825261